 Dungeon Crawl Stone Soup version 0.17.1-3-g152610e (webtiles) character file.

2142 Shtopit the Cudgeler (level 9, -4/55 HPs)
             Began as a Gargoyle Berserker on May 3, 2016.
             Was a Priest of Trog.
             Slain by a rakshasa
             ... wielding a +0 whip
              (5 damage)
             ... on level 1 of the Abyss.
             The game lasted 00:14:36 (6417 turns).

Shtopit the Cudgeler (Gargoyle Berserker)           Turns: 6417, Time: 00:14:38

Health: -4/55      AC: 26    Str: 25    XL:     9   Next: 30%
Magic:  9/9        EV:  8    Int:  7    God:    Trog [***...]
Gold:   210        SH: 10    Dex:  9    Spells: 0 memorised, 8 levels left

rFire  . . .     SeeInvis .     w - +1 flail
rCold  . . .     Clarity  .     J - +0 chain mail
rNeg   + . .     SustAt   .     y - +0 shield
rPois  ∞         Gourm    .     v - +2 hat
rElec  +         Spirit   .     (no cloak)
rCorr  .         Warding  .     (no gloves)
rMut   .         Stasis   .     (no boots)
MR     .....                    (no amulet)
Stlth  ..........               p - +6 ring of protection
                                H - +3 ring of protection

@: exhausted, slowed, very slow, not resistant to hostile enchantments,
extremely unstealthy
A: negative energy resistance 1, electricity resistance, unbreathing,
petrification resistance, rot immunity, AC +5
a: Berserk, Trog's Hand, Burn Spellbooks, Renounce Religion


You were on level 1 of the Abyss.
You worshipped Trog.
Trog was most pleased with you.
You were not hungry.

You visited 1 branch of the dungeon, and saw 8 of its levels.
You visited the Abyss 1 time.

You collected 210 gold pieces.

Inventory:

Hand Weapons
 a - a +0 mace
 w - a +1 flail (weapon)
Missiles
 B - 2 throwing nets (quivered)
 K - 6 needles of sleeping
 M - 19 poisoned needles
 Q - 50 stones
Armour
 b - a +0 animal skin
 j - a +0 leather armour
 k - a +0 ring mail
 t - a +0 scale mail
 v - a +2 hat (worn)
 y - a +0 shield (worn)
 D - the +2 robe "Xuxuus" {rC+ Int+2 Stlth+, unknown}
   (You found it on level 4 of the Dungeon)

   It affects your intelligence (+2).
   It protects you from cold.
   It makes you more stealthy.
 J - a +0 chain mail (worn)
Jewellery
 h - an uncursed ring of protection from magic
 p - a +6 ring of protection (right hand)
 H - a +3 ring of protection (left hand)
Wands
 P - a wand of enslavement (20)
Scrolls
 d - 5 scrolls of remove curse
 f - 10 scrolls of identify {unknown}
 i - a scroll of enchant weapon
 l - 3 scrolls of magic mapping {unknown}
 m - 3 scrolls of teleportation {unknown}
 q - a scroll of amnesia
 x - 2 scrolls of random uselessness {unknown}
 G - a scroll of noise {unknown}
 N - a scroll of immolation {unknown}
 O - a scroll of brand weapon {unknown}
Potions
 g - 3 potions of brilliance {unknown}
 n - a potion of poison {unknown}
 s - a potion of curing {unknown}
 u - 3 potions of heal wounds {unknown}
 z - a potion of degeneration {unknown}
 A - a potion of flight {unknown}
 C - 3 potions of cancellation {unknown}
 E - a potion of resistance {unknown}
 F - 2 potions of mutation {unknown}
 I - a potion of magic {unknown}
 L - 2 potions of agility {unknown}
 R - a potion of might {unknown}
Comestibles
 c - 10 bread rations
 o - a meat ration
 r - a royal jelly


   Skills:
 + Level 6.0 Fighting
 + Level 7.3 Maces & Flails
 + Level 5.5 Armour
 + Level 4.6 Dodging
 - Level 1.0 Stealth
 * Level 5.3 Shields


You had 8 spell levels left.
You didn't know any spells.

Dungeon Overview and Level Annotations

Branches:
Dungeon (8/15)             Temple (0/1) D:4
   Lair: D:8-11

Altars:
Ashenzari
Fedhas
Nemelex Xobeh
Sif Muna
The Shining One

Annotations:
D:8 Psyche


Innate Abilities, Weirdness & Mutations

You are resistant to torment.
Your stone body is resilient (AC +5).
You are immune to poison.
You resist negative energy.
You are resistant to electric shocks.
You can survive without breathing.
You are immune to petrification.
You are immune to rotting.


Message History

Unknown command.
Read which item? (? for menu, Esc to quit)
As you read the scroll labeled YRYQAZOI KAUR, it crumbles to dust.
You feel forgetful for a moment.
It was a scroll of amnesia.
You block the small abomination's attack.
The rakshasa hits you but does no damage.
You block the vampire's attack.
The vampire bites you but does no damage.
The small abomination closely misses you.
Read which item? (? for menu, Esc to quit)
As you read the scroll labeled XUEXUMMESIMP, it crumbles to dust.
It is a scroll of enchant weapon.
Enchant which weapon? (? for menu, Esc to quit)
Your +0 flail glows red for a moment.
The rakshasa hits you but does no damage.
You block the vampire's attack.
The vampire bites you but does no damage.
The small abomination hits you but does no damage.
The rakshasa hits you with a whip.
You die...

≈≈≈ ..# ## ♣
≈. #. ####≈
≈ ≈≈≈ .
##x.#. ≈ ≈
##.
#@#..#### #
#
##VR#.#.#.#.
. ##...V#. .
# # #.####.
. . . ##
...## ...###
# ..>.
#.#.## #.
#$#. #...#..
# . #.V#.
.... . #. .
. . # #


You could see a rakshasa, 2 vampires and a small abomination.

Vanquished Creatures
  Joseph (D:7)
  A spriggan (D:7)
  A hungry ghost (D:8)
  Menkaure (D:5)
  A small abomination (Abyss:1)
  A sky beast (D:8)
  4 ogres
  A giant frog (D:3)
  2 hounds
  An iron imp (D:5)
  2 crimson imps
  3 iguanas
  A giant frog skeleton (D:7)
  8 worker ants
  An orc priest (D:7)
  An orc wizard (D:7)
  A hound skeleton (D:6)
  9 gnolls
  A worker ant zombie (D:5)
  9 adders
  2 oozes
  2 adder zombies
  3 adder skeletons
  A worm (D:5)
  3 giant geckos
  9 orcs
  6 hobgoblins
  3 ball pythons
  A ball python zombie (D:5)
  3 bats
  2 giant cockroaches
  7 giant newts
  5 goblins
  2 goblin skeletons (D:5)
  2 goblin zombies (D:5)
  3 hobgoblin zombies (D:5)
  9 jackals
  9 kobolds
  A kobold skeleton (D:5)
  A kobold zombie (D:5)
  An orc skeleton (D:5)
  An orc zombie (D:5)
  3 quokkas
  8 rats
137 creatures vanquished.

Vanquished Creatures (others)
  4 toadstools (D:1)
4 creatures vanquished.

Grand Total: 141 creatures vanquished

Notes
Turn   | Place    | Note
--------------------------------------------------------------
     0 | D:1      | Shtopit the Gargoyle Berserker began the quest for the Orb.
     0 | D:1      | Reached XP level 1. HP: 14/14 MP: 1/1
   227 | D:1      | Reached XP level 2. HP: 12/19 MP: 2/2
   747 | D:2      | Reached XP level 3. HP: 19/23 MP: 3/3
   852 | D:2      | Reached ** piety under Trog
  1078 | D:2      | Reached XP level 4. HP: 25/29 MP: 4/4
  1323 | D:3      | Noticed a giant frog
  1334 | D:3      | Killed a giant frog
  1334 | D:3      | Reached skill level 4 in Fighting
  1334 | D:3      | Reached XP level 5. HP: 20/33 MP: 5/5
  2460 | D:4      | Found a staircase to the Ecumenical Temple.
  2509 | D:4      | Noticed an ogre
  2518 | D:4      | Killed an ogre
  2518 | D:4      | Reached skill level 1 in Stealth
  2518 | D:4      | Reached XP level 6. HP: 29/38 MP: 6/6
  2838 | D:4      | Got a slimy robe
  2997 | D:4      | Found a sparkling altar of Nemelex Xobeh.
  3110 | D:4      | Reached *** piety under Trog
  3442 | D:5      | Entered Level 5 of the Dungeon
  3470 | D:5      | Reached skill level 5 in Maces & Flails
  3470 | D:5      | Reached XP level 7. HP: 14/44 MP: 7/7
  3722 | D:5      | Found a glowing golden altar of the Shining One.
  3805 | D:5      | Found a blossoming altar of Fedhas.
  3948 | D:5      | Noticed Menkaure
  3956 | D:5      | Killed Menkaure
  4097 | D:5      | Received a gift from Trog
  4614 | D:6      | Reached XP level 8. HP: 48/48 MP: 8/8
  4674 | D:6      | Reached skill level 5 in Fighting
  5199 | D:7      | Noticed Joseph
  5230 | D:7      | Killed Joseph
  5230 | D:7      | Reached skill level 6 in Maces & Flails
  5230 | D:7      | Reached skill level 5 in Armour
  5258 | D:7      | Found a blossoming altar of Fedhas.
  5301 | D:7      | Found a shattered altar of Ashenzari.
  5453 | D:7      | Found a deep blue altar of Sif Muna.
  6107 | D:7      | Reached XP level 9. HP: 55/55 MP: 9/9
  6113 | D:7      | Reached skill level 7 in Maces & Flails
  6266 | D:8      | Reached skill level 5 in Shields
  6319 | D:8      | Noticed Psyche
  6334 | D:8      | Cast into the Abyss (Psyche)
  6386 | Abyss:1  | Noticed a rakshasa
  6415 | Abyss:1  | HP: 1/55 [small abomination (illusionary) (10)]
  6417 | Abyss:1  | Slain by a rakshasa

Action                   |  1- 3 |  4- 6 |  7- 9 || total
-------------------------+-------+-------+-------++-------
Melee: Mace              |    78 |    12 |       ||    90
       Flail             |       |   201 |   356 ||   557
Invok: Burn Spellbooks   |     1 |       |       ||     1
       Berserk           |       |       |     6 ||     6
  Use: Scroll            |       |       |     3 ||     3
       Potion            |       |       |     1 ||     1
  Eat: Chunk             |     1 |     7 |    14 ||    22
       Beef jerky        |       |       |     2 ||     2
       Meat ration       |       |       |     1 ||     1
